Unix NetHack Version 5.0.0-0 post-release - last build Jun 10 2026 00:39:30 (3ee93aec679c4c4259841fe613dc97188e26a321,branch:main).

Game began 2026-06-25 11:48:30, ended 2026-06-25 11:53:49.

DiePARTEI, neutral female human Tourist

             ------                                                 ----
          ----.|..--------------------                  ----     ----..|
        ---..........................--------------------..|     |.....|
       --....--.....-----..---------.......................|     |.....|
       |....-|.....--   ----       ---------.--.-..........---  --..----
 ----  |..---|....--                |.-- |...................-- |...|
 |..|  --.| --..---                --..| |.......<..--.-----..| |.|.|
 |..|   |.--|..--                 --...---..........|---   |..| |.|.|
 --.|   |..--.-----               |.........----..---      |.-- |.|.|
  |.--  --....--..|---            --........|  --.|        |.|  |.|.|
  |..|   |..--....|..|---          --.......--- ---        |.---|.|.|
  --.-----..|........--.--          |.........|---         |...||.|.|
   |....|..---...........--      ----.........--.|         ---.--.|.---
   |.......| |............---  ---...............|           |....|...|
   |...-.|.| |-...).........|  |.................---         |...----.|
   |.|...|.| |..............---|..................>|        --..--|...----
   |.|.---.---......|.......G.--...................---      |..-- |....|.----
   |.|.||.........----....h@.........................---    ----  ---.......|
   |...|--...--...|  |.....G...........--......----....|            |.......|
   |..-- --.----..|  --.--.|.--..--..---|..|.---  ---..|            ---.-----
   ----   ---  ----   ----------------  ------      ----              ---
DiePARTEI the Rambler       St:9 Dx:14 Co:14 In:11 Wi:11 Ch:15  Neutral
Dlvl:4  $:66 HP:0(13) Pw:2(2) AC:10 Xp:1 T:424  Satiated

Latest messages:
 The grid bug bites!
 You get zapped!
 You miss the grid bug.
 The grid bug bites!
 You get zapped!
 You hit the grid bug.
 The grid bug bites!
 You get zapped!
 You kill the grid bug!
 You descend the stairs.
 The little dog bites the gnome.
 The gnome is killed!
 What do you want to use or apply? [ijt or ?*] i
 In what direction? 4
 You see here 2 yellowish brown gems.
 z - 2 yellowish brown gems.
 You hear some noises in the distance.
 What do you want to read? [g or ?*] g
 As you read the scroll, it disappears.
 A map coalesces in your mind!
 A trap door opens up under you!
 What do you want to read? [g or ?*] g
 As you read the scroll, it disappears.
 A map coalesces in your mind!
 The gnome picks up a violet gem.
 You are hit by a dagger.
 The hobbit hits!
 The gnome lord swings his thonged club.
 The gnome lord hits!
 Are you sure you want to pray? [yn] (n) y
 You begin praying to The Lady.
 You are surrounded by a shimmering light.
 The gnome wields a thonged club!
 The gnome secures the tether on the thonged club.
 The hobbit starts to attack you, but pulls back.
 The gnome starts to attack you, but pulls back.
 The gnome lord starts to attack you, but pulls back.
 The gnome lord starts to attack you, but pulls back.
 You finish your prayer.
 You feel that The Lady is satisfied.
 What do you want to drink? [fy or ?*] ?
 You feel much better.
 The hobbit hits!
 The gnome swings his thonged club.
 The gnome hits!
 The gnome lord swings his thonged club.
 The gnome lord hits!
 You die...
 Do you want your possessions identified? [ynq] (y) y
 Do you want to see your attributes? [ynq] (y) q

Inventory:
 Coins    ('$')
  $ - 66 gold pieces
 Weapons  (')')
  a - 35 +2 darts (at the ready)
  w - 8 +0 darts
  v - 28 cursed -1 darts
 Armor    ('[')
  h - a blessed +0 Hawaiian shirt with a bird of paradise motif (being worn)
 Comestibles  ('%')
  l - 2 uncursed cram rations
  b - 9 uncursed food rations
  c - 2 uncursed tripe rations
 Scrolls  ('?')
  g - 2 uncursed scrolls of magic mapping
 Potions  ('!')
  f - an uncursed potion of extra healing
  y - a cursed potion of gain ability
 Rings    ('=')
  q - an uncursed ring of cold resistance (on left hand)
  k - an uncursed ring of levitation
 Tools    ('(')
  j - an uncursed credit card
  i - an expensive camera (0:92)
  t - an uncursed lock pick
 Gems/Stones  ('*')
  x - a cursed jet stone
  u - 2 cursed worthless pieces of blue glass
  z - 2 uncursed worthless pieces of yellowish brown glass

DiePARTEI the Tourist's attributes:

Background:
 You were a Rambler, a level 1 female human Tourist.
 You were neutral, on a mission for The Lady
 who was opposed by Blind Io (lawful) and Offler (chaotic).
 You were right-handed.
 You were in the Gnomish Mines, on level 4.
 You entered the dungeon 424 turns ago.
 You had 13 experience points, 7 more were needed to attain level 2.

Basics:
 You had 0 out of 13 hit points.
 You had both energy points (spell power).
 Your armor class was 10.
 Your wallet contained 66 zorkmids.
 Autopickup was off.

Final Characteristics:
 Your strength was 9 (limit:18/100).
 Your dexterity was 14 (limit:18).
 Your constitution was 14 (limit:18).
 Your intelligence was 11 (limit:18).
 Your wisdom was 11 (limit:18).
 Your charisma was 15 (limit:18).

Final Status:
 You were satiated.
 You were unencumbered.
 You were bare handed.
 You were unskilled in bare handed combat.

Final Attributes:
 You were nominally aligned.
 You were cold resistant.
 Your items were protected from cold.
 You are dead.

Miscellaneous:
 You didn't encounter any bones levels.
 Total elapsed playing time was 5 minutes and 19 seconds.

Major events:
 Turn
    1: DiePARTEI the neutral female human Tourist entered the dungeon
  319: entered the Gnomish Mines
  424: killed by a gnome lord

You didn't know any spells.

Skills:
 Fighting Skills
   bare handed combat [Unskilled]
   two weapon combat  [Unskilled]
   riding             [Unskilled]
 Weapon Skills
   dagger             [Unskilled]
   knife              [Unskilled]
   axe                [Unskilled]
   pick-axe           [Unskilled]
   short sword        [Unskilled]
   broadsword         [Unskilled]
   long sword         [Unskilled]
   two-handed sword   [Unskilled]
   saber              [Unskilled]
   mace               [Unskilled]
   morning star       [Unskilled]
   flail              [Unskilled]
   hammer             [Unskilled]
   quarterstaff       [Unskilled]
   polearms           [Unskilled]
   spear              [Unskilled]
   trident            [Unskilled]
   lance              [Unskilled]
   bow                [Unskilled]
   sling              [Unskilled]
   crossbow           [Unskilled]
   dart               [Basic]
   shuriken           [Unskilled]
   boomerang          [Unskilled]
   whip               [Unskilled]
   unicorn horn       [Unskilled]
 Spellcasting Skills
   divination spells  [Unskilled]
   enchantment spells [Unskilled]
   escape spells      [Unskilled]

Voluntary challenges:
 Character rerolling was not enabled.
 You never hit with a wielded weapon.
 You never genocided any monsters.
 You never polymorphed an object.
 You never changed form.
 You used no wishes.
Achievements:
 You entered a shop.
 You entered the Gnomish Mines.

 The Dungeons of Doom: levels 1 to 2
    Level 1:
    Level 2:
       A general store.
       Stairs down to The Gnomish Mines.
 The Gnomish Mines: levels 3 to 4
    Level 3:
    Level 4: <- You were here.
       Final resting place for
          you, killed by a gnome lord.


Vanquished creatures:
  a gnome
  2 sewer rats
  4 grid bugs
  2 newts
9 creatures vanquished.

No species were genocided or became extinct.

Game over:
                       ----------
                      /          \
                     /    REST    \
                    /      IN      \
                   /     PEACE      \
                  /                  \
                  |    DiePARTEI     |
                  |      66 Au       |
                  |   killed by a    |
                  |    gnome lord    |
                  |                  |
                  |                  |
                  |       2026       |
                 *|     *  *  *      | *
        _________)/\\_//(\/(/\)/\//\/|_)_______

Aloha DiePARTEI the Tourist...

You died in The Gnomish Mines on dungeon level 4 with 232 points,
and 66 pieces of gold, after 424 moves.
You were level 1 with a maximum of 13 hit points when you died.

